 Dungeon Crawl Stone Soup version 0.31.0-11-ge490571c62 (webtiles) character file.

Game seed: 797806039443138397

201 Aneyh the Trooper (level 5, -2/22 (36) HPs)
             Began as a Tengu Monk on Feb 5, 2024.
             Slain by Edmund
             ... wielding a +3 flail of draining
              (7 damage)
             ... on level 4 of the Dungeon.
             The game lasted 00:04:14 (2118 turns).

Aneyh the Trooper (Tengu Monk)                      Turns: 2118, Time: 00:04:14

HP:   -2/22 (36)    AC:  9    Str: 11    XL:     5   Next: 79%
MP:   6/6           EV: 13    Int: 11    God:
Gold: 95            SH:  5    Dex: 18    Spells: 4/4 levels left

rFire   . . .        a - +1 short sword (freeze)
rCold   . . .        (no shield)
rNeg    . . .        i - +0 leather armour
rPois   .            (helmet restricted)
rElec   .            (no cloak)
rCorr   .            q - +1 pair of gloves
SInv    .            (boots unavailable)
Will    .....        r - amulet of reflection
Stlth   +            n - +4 ring of protection
HPRegen 0.23/turn    (no ring)
MPRegen 0.10/turn

%: reflection, acrobat
@: hasted, very heavily drained, very quick
A: beak, talons 3, acrobatic
a: no special abilities


You were on level 4 of the Dungeon.
You visited 1 branch of the dungeon, and saw 4 of its levels.

You collected 95 gold pieces.

Inventory:

Hand Weapons
 a - a +1 short sword of freezing (weapon)
 b - a +0 sling
 w - a +0 hand axe
Armour
 d - an orb of light
 f - a +0 robe
 i - a +0 leather armour (worn)
 q - a +1 pair of gloves (worn)
Jewellery
 n - a +4 ring of protection (left hand)
 r - an amulet of reflection (around neck)
Scrolls
 g - 4 scrolls of identify {unknown}
 k - a scroll of poison {unknown}
 o - 2 scrolls of fear {unknown}
 p - a scroll of acquirement {unknown}
 t - a scroll of enchant armour {unknown}
 v - a scroll of immolation {unknown}
 x - a scroll of noise {unknown}
Potions
 e - a potion of degeneration {unknown}
 j - 2 potions of curing {unknown}
 l - 2 potions of brilliance {unknown}
 m - 3 potions of heal wounds {unknown}
 s - a potion of cancellation {unknown}
 u - a potion of attraction {unknown}


   Skills:
 + Level 5.9 Fighting
 - Level 4.0 Axes
 - Level 3.2 Dodging


You had 4 spell levels left.
You didn't know any spells.
Your spell library contained the following spells:

 Spells                   Type           Power      Damage    Failure   Level
 Slow                     Hex            0%         N/A       43%         1
 Confusing Touch          Hex            0%         N/A       80%         3
 Sigil of Binding         Hex            0%         N/A       80%         3
 Summon Ice Beast         Ice/Summ       0%         N/A       80%         3
 Vampiric Draining        Necr           0%         2d6       80%         3
 Summon Mana Viper        Hex/Summ       0%         N/A       100%        5
 Monstrous Menagerie      Summ           0%         N/A       100%        7


Dungeon Overview and Level Annotations

Branches:
Dungeon (4/15)
 Temple: D:4-7

Altars:

Annotations:
D:2 Sigmund
D:3 1 runed translucent door, Crazy Yiuf
D:4 Edmund


Innate Abilities, Weirdness & Mutations

You have a beak for a mouth.
You have claws for feet.
You can magically evade attacks while moving or waiting.


Message History

You hit Edmund but do no damage. You claw Edmund, but do no damage.
You peck Edmund, but do no damage.
Edmund is severely wounded.
You hit Edmund but do no damage. Your peck misses Edmund.
Edmund is severely wounded.
Edmund hits you with a +3 flail of draining.
You feel drained.
You hit Edmund. You freeze Edmund.
Edmund is severely wounded.
Edmund hits you with a +3 flail of draining!
You feel drained.
You hit Edmund but do no damage.
Edmund is severely wounded.
You hit Edmund. You freeze Edmund. Your kick misses Edmund.
Edmund is almost dead.
Edmund hits you with a +3 flail of draining.
* * * LOW HITPOINT WARNING * * *
You feel drained.
* * * LOW HITPOINT WARNING * * *
You hit Edmund but do no damage.
Edmund is almost dead.
Edmund barely misses you.
You hit Edmund but do no damage.
Edmund is almost dead.
You completely miss Edmund. Your kick misses Edmund.
Edmund is almost dead.
You block Edmund's attack.
You hit Edmund but do no damage. You claw Edmund, but do no damage.
Edmund is almost dead.
Edmund barely misses you.
You hit Edmund but do no damage. You peck Edmund, but do no damage.
Edmund is almost dead.
You hit Edmund but do no damage. Your kick misses Edmund.
Edmund is almost dead.
You block Edmund's attack.
You hit Edmund but do no damage. You peck Edmund, but do no damage.
Edmund is almost dead.
Edmund hits you with a +3 flail of draining!
You die...
Edmund says, "That'll show my brother!"

#..........รท....# #...####
#.....)........## ##..#
##.....<........# ##..#
#...............# ##..##
#.##...........## ...###
#..........## ###.$..##
#.........## #####.......#
##.......#######............
#....##.##..@@o............
#######....#.#.............
###......##..........
##.#.#.####.....#.. #.....#
####### . #######


You could see Edmund and an orc.

Vanquished Creatures
  An ogre (D:4)
  A hound (D:3)
  3 adders (D:3)
  A ribbon worm (D:4)
  2 orcs
  5 endoplasms
  A giant cockroach (D:3)
  6 goblins
  8 hobgoblins
  3 kobolds
  A quokka (D:3)
  3 ball pythons
  6 bats
  3 frilled lizards
  6 rats
50 creatures vanquished.

Notes
Turn   | Place    | Note
-------+----------+-------------------------------------------
     0 | D:1      | Aneyh the Tengu Monk began the quest for the Orb.
     0 | D:1      | Reached XP level 1. HP: 14/14 MP: 2/2
   137 | D:1      | Reached XP level 2. HP: 19/19 MP: 3/3
   361 | D:1      | Found a faded altar of an unknown god.
   562 | D:2      | Reached XP level 3. HP: 23/23 MP: 4/4
   778 | D:2      | Noticed Sigmund
   877 | D:3      | Reached skill level 4 in Fighting
   961 | D:3      | Reached XP level 4. HP: 29/29 MP: 5/5
  1732 | D:3      | Found a runed translucent door.
  1733 | D:3      | Noticed Crazy Yiuf
  1807 | D:4      | Noticed an ogre
  1809 | D:4      | Noticed Edmund
  1840 | D:3      | Reached skill level 5 in Fighting
  1949 | D:4      | Killed an ogre
  1950 | D:4      | Reached XP level 5. HP: 17/36 MP: 6/6
  2118 | D:4      | Slain by Edmund

Illustrated notes

Levels and vault maps discovered:
D:1:      dpeg_arrival_pits, layout_basic, ebering_ecumenical_altar_sacrificial,
          minmay_tetromino_o2
D:2:      layout_loops_ring, serial_shops, nicolae_shop_back_alley_shop,
          uniq_sigmund
D:3:      layout_loops_ring, uniq_crazy_yiuf_cottage
D:4:      layout_cave_pods, mainiacjoe_overflow_alcove_4, serial_glass,
          glass_columns_a, glass_columns_b, gammafunk_ghost_cemetery,
          guppyfry_early_orc_mine, uniq_duvessa, uniq_edmund, uniq_blork_the_orc

Skill      XL: |  1  2  3  4 |
---------------+-------------+-----
Axes           | 4 |  4.0
Fighting       | 4 5 |  5.9
Dodging        | |  3.2

Action                     |  1- 3 |  4- 6 || total
---------------------------+-------+-------++-------
  Melee: Hand axe          |    11 |       ||    11
         Kick              |     4 |    17 ||    21
         Peck              |     1 |    14 ||    15
         Short sword       |       |    63 ||    63
         Punch             |       |     1 ||     1
   Fire: Sling             |    94 |    47 ||   141
    Use: Potion            |       |     3 ||     3
 Armour: Robe              |    19 |     2 ||    21
         Leather armour    |       |    31 ||    31
  Dodge: Dodged            |    30 |    59 ||    89
  Block: Other             |       |    12 ||    12
